 Dungeon Crawl Stone Soup version 0.32-a0-711-g016ad74 (webtiles) character file.

Game seed: 962636598858387351

2709 PidgeyThePirate the Skirmisher (level 9, -7/103 HPs)
             Began as a Coglin Hunter on Mar 15, 2024.
             Was a Follower of Okawaru.
             Mangled by Duvessa
             ... wielding a +6 short sword of protection
              (13 damage)
             ... on level 7 of the Dungeon.
             The game lasted 00:12:07 (5538 turns).

PidgeyThePirate the Skirmisher (Coglin Hunter)      Turns: 5538, Time: 00:12:07

Health: -7/103     AC: 24    Str: 14    XL:     9   Next: 66%
Magic:  9/9        EV:  2    Int:  9    God:    Okawaru [*.....]
Gold:   249        SH:  0    Dex: 19    Spells: 8/8 levels left

rFire   . . .        a - +3 sling {Paloma}
rCold   . . .        d - +0 sling {Jin}
rNeg    . . .        c - melded +0 leather armour
rPois   +            (helmet currently unavailable)
rElec   .            r - melded +1 cloak
rCorr   .            (gloves currently unavailable)
SInv    .            p - melded +1 pair of boots "Herchiteiw" {rC+}
Will    .....        (no amulet)
Stlth   ++           (no ring)
HPRegen 0.37/turn    (no ring)
MPRegen 0.11/turn    (no gizmo)

%: no passive effects
@: tree-form (expiring), weak-willed, revving
A: stationary, stasis, torment immunity, boosted hp, off-hand wielding, slow
wielding, warmup strikes, (no jewellery), (iridescent scales 1), (camouflage 1)
a: Invent Gizmo, Renounce Religion, Heroism


You were on level 7 of the Dungeon.
You worshipped Okawaru.
Okawaru was aware of your devotion.
You were a tree.
You visited 2 branches of the dungeon, and saw 8 of its levels.

You collected 249 gold pieces.

Inventory:

Hand Weapons
 a - a +3 sling (weapon) {Paloma}
 d - a +0 sling (offhand) {Jin}
Missiles
 e - a throwing net
Armour
 c - a +0 leather armour (melded)
 p - the +1 pair of boots "Herchiteiw" (melded) {rC+}
   (You found it on level 4 of the Dungeon)

   rC+:       It protects you from cold.
 r - a +1 cloak (melded)
Scrolls
 b - a scroll of butterflies
 i - a scroll of vulnerability
 n - 6 scrolls of identify {unknown}
 u - a scroll of enchant weapon
Potions
 j - a potion of curing
 o - 2 potions of lignification
 t - a potion of magic


   Skills:
 + Level 6.1 Fighting
 + Level 10.5 Ranged Weapons
 + Level 2.2 Armour
 + Level 2.7 Dodging
 + Level 1.4 Stealth


You had 8 spell levels left.
You didn't know any spells.
Your spell library contained the following spells:

 Spells                   Type           Power      Damage    Failure   Level
 Apportation              Tloc           0%         N/A       38%         1
 Shock                    Conj/Air       0%         1d3       38%         1
 Jinxbite                 Hex            0%         N/A       52%         2
 Swiftness                Air            0%         N/A       77%         3
 Airstrike                Air            0%         2d(0-16)  99%         4
 Passage of Golubria      Tloc           0%         N/A       99%         4
 Alistair's Intoxication  Alch           0%         N/A       100%        5
 Silence                  Hex/Air        0%         N/A       100%        5
 Lehudib's Crystal Spear  Conj/Erth      0%         10d2      100%        8


Dungeon Overview and Level Annotations

Branches:
Dungeon (7/15)             Temple (1/1) D:6

Altars:
Dithmenos
Elyvilon
Gozag
Kikubaaqudgha
Okawaru
Sif Muna
Vehumet
Wu Jian

Shops:
D:1 (

Annotations:
D:2 1 runed translucent door, Crazy Yiuf
D:7 Duvessa


Innate Abilities, Weirdness & Mutations

You are a tree.
Your roots penetrate the ground, keeping you stationary.
You cannot be teleported.
You are immune to unholy pain and torment.
Your maximum health is greatly increased.
Your equipment is partially melded.
You can wield a second weapon in your off-hand.
It takes a long time for you to wield or remove held weapons.
Your first few attacks do less damage.
((You cannot equip rings or amulets.))
((You are partially covered in iridescent scales. (AC +2)))
((Your skin changes colour to match your surroundings (Stealth+).))


Message History

Duvessa hits you with a +6 short sword of protection!
* * * LOW HITPOINT WARNING * * *
You feel better.
Duvessa hits you with a +6 short sword of protection.
* * * LOW HITPOINT WARNING * * *
You feel better.
Duvessa hits you with a +6 short sword of protection.
Duvessa hits you with a +6 short sword of protection!
* * * LOW HITPOINT WARNING * * *
As you read the scroll labelled OLOSTR PEYK WEJ, it crumbles to dust.
It is a scroll of enchant weapon.
Your +2 sling {Paloma} glows red for a moment.
Your transformation is almost over.
Duvessa hits you but does no damage.
As you read the scroll labelled ITERYM TAETOUTT, it crumbles to dust.
A wave of despondency washes over your surroundings.
It was a scroll of vulnerability.
Duvessa hits you with a +6 short sword of protection!
* * * LOW HITPOINT WARNING * * *
Duvessa hits you but does no damage.
Okay, then.
Okay, then.
Okay, then.
As you read the scroll labelled NUYFIG LONLUN, it dissolves into smoke.
It was a scroll of fog.
Duvessa hits you with a +6 short sword of protection.
* * * LOW HITPOINT WARNING * * *
As you read the scroll labelled JUS ZUDGHOLALE, it crumbles to dust.
The creatures around you are filled with an inner flame!
It was a scroll of immolation.
Duvessa barely misses you.
Duvessa hits you with a +6 short sword of protection.
* * * LOW HITPOINT WARNING * * *
The air fills with toxic fumes!
As you read the scroll labelled AKHAGGYI TURUL, it crumbles to dust.
It was a scroll of poison.
Duvessa hits you but does no damage.
As you read the scroll labelled COCAWU KIMA, it crumbles to dust.
It is a scroll of enchant armour.
Your +0 cloak glows green for a moment.
Duvessa hits you with a +6 short sword of protection!
You die...

####.#
#...#######..........#...#
###÷#
#...'.....'....#########.#
##...# #...#######....#
#.# .....# ##### #....#
#.# ...#.# #####....###
#.#
####.#########§§.###....#
#.#
...÷........['§§§§.....>##
#.#
.#.###.#######§§§#####...#
#.# .#.....# ##§§♣# #...#
#.# ...##########.§e§###
#...# #.# ...#
#...#..§#§§<# ##'## #.#
...# #.#.#<..#§§§####.#
####[# ...#
#.#.....§§§§§....# #..#.#
#### #.......§§§§##...#
#..#.# #
#.####..§§#§##.#.####..#.#
# #.#
####§§§#..#.......#.# #
### ###...#######.##.#


You could see Duvessa (berserk, inner flame, weak-willed).

Vanquished Creatures
  Grinder (D:4)
  Eustachio (D:6)
  A steam dragon (D:7)
  Menkaure (D:6)
  2 orc warriors
  2 black bears (D:7)
  2 centaurs (D:7)
  3 phantoms
  2 bullfrogs
  2 scorpions
  Dowan (D:7)
  4 howler monkeys
  A vampire bat (D:3)
  3 bombardier beetles
  2 jellies
  3 hounds
  4 orc priests
  3 iguanas
  4 orc wizards
  6 gnolls
  4 adders
  2 shadow imps
  A white imp (D:5)
  4 ufetubi
  3 ribbon worms (D:3)
  3 dart slugs
  3 fire bats (D:3)
  14 orcs
  2 spectral bats (D:3)
  3 bat skeletons (D:3)
  A bat zombie (D:3)
  10 endoplasms
  5 giant cockroaches
  7 goblins
  9 hobgoblins
  8 jackals
  8 kobolds
  5 quokkas
  11 ball pythons
  22 bats
  A bat simulacrum (D:3)
  2 frilled lizards
  7 rats
183 creatures vanquished.

Notes
Turn   | Place    | Note
-------+----------+-------------------------------------------
     0 | D:1      | PidgeyThePirate the Coglin Hunter began the quest for the
                  | Orb.
     0 | D:1      | Reached XP level 1. HP: 16/16 MP: 1/1
    59 | D:1      | Reached XP level 2. HP: 22/22 MP: 2/2
    90 | D:1      | Reached skill level 4 in Ranged Weapons
   222 | D:1      | Reached XP level 3. HP: 28/28 MP: 3/3
   550 | D:1      | Found Zoureas's Antique Weapon Shop.
   679 | D:2      | Reached XP level 4. HP: 30/34 MP: 4/4
   806 | D:2      | Reached skill level 5 in Ranged Weapons
   950 | D:2      | Found a runed translucent door.
   951 | D:2      | Noticed Crazy Yiuf
  1346 | D:3      | Reached XP level 5. HP: 40/40 MP: 5/5
  1559 | D:3      | Reached XP level 6. HP: 30/47 MP: 6/6
  1660 | D:3      | Reached skill level 6 in Ranged Weapons
  1999 | D:4      | Identified the +1 pair of boots "Herchiteiw" {rC+}
  2390 | D:4      | Noticed Grinder
  2394 | D:4      | Paralysed by Grinder for 4 turns
  2409 | D:4      | Killed Grinder
  2410 | D:4      | Reached skill level 7 in Ranged Weapons
  2410 | D:4      | Reached XP level 7. HP: 45/53 MP: 7/7
  2747 | D:5      | Entered Level 5 of the Dungeon
  2757 | D:5      | Reached skill level 1 in Armour
  2831 | D:5      | Reached XP level 8. HP: 60/60 MP: 8/8
  2902 | D:5      | Reached skill level 8 in Ranged Weapons
  3157 | D:6      | Noticed Eustachio
  3171 | D:6      | Killed Eustachio
  3490 | D:6      | Found a staircase to the Ecumenical Temple.
  3506 | Temple   | Entered the Ecumenical Temple
  3511 | Temple   | Became a worshipper of Warmaster Okawaru
  3586 | D:6      | Noticed Menkaure
  3592 | D:6      | Killed Menkaure
  3593 | D:6      | Reached skill level 9 in Ranged Weapons
  3861 | D:6      | Reached skill level 5 in Fighting
  4107 | D:7      | Reached XP level 9. HP: 48/68 MP: 9/9
  4197 | D:7      | Reached * piety under Okawaru
  4222 | D:7      | Reached skill level 10 in Ranged Weapons
  4242 | D:7      | Noticed Duvessa
  4248 | D:7      | Noticed Dowan
  4590 | D:6      | Reached skill level 1 in Stealth
  5385 | D:7      | Killed Dowan
  5514 | D:7      | Gained mutation: You are partially covered in iridescent
                  | scales. (AC +2) [potion of mutation]
  5514 | D:7      | Gained mutation: Your skin changes colour to match your
                  | surroundings (Stealth+). [potion of mutation]
  5538 | D:7      | Mangled by Duvessa

Illustrated notes

Levels and vault maps discovered:
D:1:      eino_arrival_tree_alley, layout_loops_ring, serial_shops,
          nicolae_shop_real_fake_doors, st_stairs_1,
          chequers_serial_rivers_small_a, serial_bayou_pond_c
D:2:      layout_basic, nicolae_figureground_sparkle, uniq_crazy_yiuf_cottage
D:3:      layout_basic, serial_bayou_lagoon_a, minmay_strange_pillars,
          goddamned_bats
D:4:      layout_loops_ring, hangedman_decor_push, uniq_grinder
D:5:      layout_rooms
D:6:      layout_loops_ring, minmay_temple_entry_gardened_gates,
          kennysheep_flooded_box, grunt_decor_arrowhead,
          nicolae_concentric_dashed_squares_mild, uniq_eustachio, uniq_menkaure
D:7:      layout_basic, uniq_duvessa
Temple:   hellmonk_temple_two_chambers

Skill      XL: |  1  2  3  4  5  6  7  8  9 |
---------------+----------------------------+-----
Ranged Weapons | 4 5 7 9 10 | 10.5
Fighting       | 3 4 5 6 |  6.1
Dodging        | 2 |  2.7
Armour         | 1 2 |  2.2
Stealth        | 1 |  1.4

Action                     |  1- 3 |  4- 6 |  7- 9 || total
---------------------------+-------+-------+-------++-------
   Fire: Sling             |   174 |   348 |   608 ||  1130
 Invoke: Heroism           |       |       |     1 ||     1
    Use: Potion            |       |       |    11 ||    11
         Scroll            |       |       |     8 ||     8
 Armour: Leather armour    |     6 |    47 |   120 ||   173
         Skin              |       |       |    30 ||    30
  Dodge: Dodged            |    10 |    64 |    80 ||   154

Table legend: (Time is in decaauts)
 A = Elapsed time spent in this place.
 B = Non-inter-level travel time spent in this place.
 C = Inter-level travel time spent in this place.
 D = Time resting spent in this place.
 E = Time spent auto-exploring this place.
 F = Levels seen in this place.
 G = Mean time per level.
                   A        B        C        D        E       F      G
               +--------+--------+--------+--------+--------+-----+--------+
         Total |   5589 |   5347 |    242 |      0 |   4280 |   8 |  698.6 |
       Dungeon |   5579 |   5337 |    242 |      0 |   4280 |   7 |  797.0 |
        Temple |     10 |     10 |      0 |      0 |      0 |   1 |   10.0 |
               +--------+--------+--------+--------+--------+-----+--------+

Top non-repeatable levels by time:
     D:6: 1457 daAuts
     D:7: 915 daAuts
     D:2: 770 daAuts
     D:4: 762 daAuts
     D:3: 679 daAuts
     D:1: 596 daAuts
     D:5: 397 daAuts
  Temple: 10 daAuts
